 Dungeon Crawl Stone Soup version 0.29.0-4-gdea44cf6ec (webtiles) character file.

Game seed: 17651125150894714762

405 qw the Chopper (level 6, -5/37 HPs)
             Began as a Tengu Warper on Aug 28, 2022.
             Slain by a gnoll
             ... wielding a +0 halberd
              (8 damage)
             ... on level 4 of the Dungeon.
             The game lasted 00:00:21 (3968 turns).

qw the Chopper (Tengu Warper)                       Turns: 3968, Time: 00:00:22

Health: -5/37      AC: 11    Str: 14    XL:     6   Next: 87%
Magic:  10/10      EV:  5    Int: 13    God:
Gold:   153        SH:  0    Dex: 13    Spells: 9/9 levels left

rFire   . . .      SeeInvis .   Y - +0 war axe
rCold   . . .      Faith    .   (no shield)
rNeg    . . .      Spirit   .   n - +0 plate armour
rPois   .          Reflect  .   (helmet restricted)
rElec   .          Harm     .   (no cloak)
rCorr   .          Rampage  .   (no gloves)
Will    .....                   (boots unavailable)
Stlth   ..........              (no amulet)
HPRegen 0.12/turn               (no ring)
MPRegen 0.12/turn               (no ring)

@: about to teleport, flying quickly and evasively, quick
A: beak, talons 3, nimble flight
a: no special abilities


You were on level 4 of the Dungeon.
You visited 1 branch of the dungeon, and saw 4 of its levels.

You collected 153 gold pieces.


Innate Abilities, Weirdness & Mutations

You have a beak for a mouth.
You have claws for feet.
Your magical nature lets you fly swiftly and evasively.


   Skills:
 - Level 3.0 Fighting
 - Level 7.0 Axes
 - Level 1.0 Throwing
 + Level 2.2 Armour
 - Level 2.1 Dodging
 - Level 2.0 Spellcasting
 - Level 2.4 Translocations


You had 9 spell levels left.
You didn't know any spells.
Your spell library contained the following spells:

 Spells                   Type           Power      Damage    Failure   Level
 Blink                    Tloc           14%        N/A       100%        2
 Gell's Gravitas          Tloc           7%         N/A       100%        3
 Lesser Beckoning         Tloc           7%         N/A       100%        3
 Teleport Other           Tloc           7%         N/A       100%        3
 Manifold Assault         Tloc           7%         N/A       100%        5

Inventory:

Hand Weapons
 g - a +0 mace
 Y - a +0 war axe (weapon)
Armour
 n - a +0 plate armour (worn)
Scrolls
 a - 2 scrolls of amnesia {unknown}
 b - a scroll of identify
Potions
 d - a potion of flight {unknown}
 i - a potion of berserk rage {unknown}
 j - a potion of cancellation {unknown}
 k - a potion of curing {unknown}
 l - a potion of resistance

Dungeon Overview and Level Annotations

Branches:
Dungeon (4/15)
 Temple: D:4-7

Altars:
Ashenzari
Dithmenos
Elyvilon
Ru
Trog


Message History

You kill the gnoll!
Your Fighting skill increases to level 3!
You hit the gnoll. You claw the gnoll. Your punch misses the gnoll.
The gnoll is severely wounded.
The gnoll hits you but does no damage. x2; The gnoll hits you with a +0 whip.
You hit the gnoll. Your peck misses the gnoll.
The gnoll is severely wounded.
The gnoll hits you from afar with a +0 halberd!
The gnoll completely misses you.
You barely miss the gnoll. You peck the gnoll.
The gnoll is almost dead.
The gnoll hits you from afar with a +0 halberd.
The gnoll closely misses you.
You closely miss the gnoll.
The gnoll is almost dead.
The gnoll hits you from afar with a +0 halberd.
The gnoll barely misses you.
3962 ||| READING 2 scrolls of teleportation.
As you read the scroll of teleportation, it crumbles to dust.
You feel strangely unstable. The gnoll barely misses you.
The gnoll hits you but does no damage.
You slash the gnoll!
You kill the gnoll!
The gnoll hits you from afar with a +0 halberd.
Your surroundings seem slightly different.
The gnoll hits you but does no damage.
3965 ||| READING scroll of teleportation.
As you read the scroll of teleportation, it crumbles to dust.
You feel strangely unstable. The gnoll hits you with a +0 halberd.
You hit the gnoll.
The gnoll is lightly wounded.
The gnoll hits you with a +0 halberd.
You hit the gnoll. You peck the gnoll, but do no damage.
The gnoll is heavily wounded.
The gnoll hits you with a +0 halberd.
You hit the gnoll.
The gnoll is almost dead.
The gnoll hits you with a +0 halberd!
You die...

# # ..#. #...
#...######### #.
#...@g)..%.# #.#
#.########.# #.#
#.# #.# #.# #.#
#.# #.###
#.#########
#.#.##
#.........#
#....####
.####.........#
..).....+
..'........##..#


You could see a gnoll.

Vanquished Creatures
  Sigmund (D:2)
  A howler monkey (D:4)
  10 adders
  3 gnolls (D:4)
  3 worms
  3 dart slugs
  16 ball pythons
  7 endoplasms
  A giant cockroach (D:3)
  3 goblins
  9 hobgoblins
  4 quokkas
  5 bats
  8 frilled lizards
  6 kobolds
  5 rats
85 creatures vanquished.

Notes
Turn   | Place    | Note
-------+----------+-------------------------------------------
     0 | D:1      | qw the Tengu Warper began the quest for the Orb.
     0 | D:1      | Reached XP level 1. HP: 12/12 MP: 4/4
     0 | D:1      | 0 ||| qw: Version: 0.1-a-89-g26bdef1
     0 | D:1      | 0 ||| qw: Game counter: 2704
     0 | D:1      | 0 ||| qw: Always use a shield: true
     0 | D:1      | 0 ||| qw: God list: Okawaru
     0 | D:1      | 0 ||| qw: Allow faded altars: false
     0 | D:1      | 0 ||| qw: Do Orc after D:15 true
     0 | D:1      | 0 ||| qw: Do second Lair branch before Depths: true
     0 | D:1      | 0 ||| qw: Lair rune preference: random
     0 | D:1      | 0 ||| qw: Plans: Normal
     0 | D:1      | 0 ||| PLANNING D:1-11
    21 | D:1      | 21 ||| Stepping ~*~*~tactically~*~*~ (stealth).
    27 | D:1      | 27 ||| Stepping ~*~*~tactically~*~*~ (stealth).
    44 | D:1      | 44 ||| Stepping ~*~*~tactically~*~*~ (stealth).
    49 | D:1      | Reached XP level 2. HP: 17/17 MP: 6/6
    50 | D:1      | Reached skill level 3 in Axes
   157 | D:1      | 157 ||| Stepping ~*~*~tactically~*~*~ (hiding).
   260 | D:1      | 260 ||| Stepping ~*~*~tactically~*~*~ (hiding).
   456 | D:1      | 456 ||| Stepping ~*~*~tactically~*~*~ (hiding).
   560 | D:1      | 560 ||| Stepping ~*~*~tactically~*~*~ (hiding).
   688 | D:1      | Reached XP level 3. HP: 21/21 MP: 7/7
   963 | D:1      | 963 ||| Stepping ~*~*~tactically~*~*~ (stealth).
  1058 | D:1      | Found a faded altar of an unknown god.
  1098 | D:1      | Reached skill level 4 in Axes
  1175 | D:1      | 1175 ||| UPGRADING to +0 ring mail.
  1185 | D:1      | 1185 ||| DROPPING +0 leather armour.
  1186 | D:1      | 1186 ||| READING scroll labelled GUTEKHL ILEL.
  1313 | D:1      | 1313 ||| READING scroll labelled IHANOO HUBREM.
  1314 | D:1      | 1314 ||| DRINKING 2 glowing cyan potions.
  1315 | D:1      | 1315 ||| DROPPING scroll of blinking.
  1316 | D:1      | 1316 ||| DROPPING potion of attraction.
  1335 | D:2      | 1335 ||| STAIRDANCE
  1540 | D:2      | 1540 ||| Stepping ~*~*~tactically~*~*~ (stealth).
  1720 | D:2      | Reached XP level 4. HP: 16/26 MP: 8/8
  2075 | D:2      | Reached skill level 5 in Axes
  2240 | D:2      | 2240 ||| FLEEEEING.
  2490 | D:2      | Noticed Sigmund
  2499 | D:2      | HP: 1/26 [Sigmund/magic dart (8)]
  2503 | D:2      | Killed Sigmund
  2504 | D:2      | Reached skill level 6 in Axes
  2504 | D:2      | Gained mutation: Your magical nature lets you fly swiftly
                  | and evasively. [Tengu growth]
  2504 | D:2      | Reached XP level 5. HP: 2/30 MP: 9/9
  2504 | D:2      | Reached XP level 6. HP: 2/35 MP: 10/10
  2845 | D:2      | 2845 ||| UPGRADING to +0 chain mail.
  2855 | D:2      | 2855 ||| DROPPING +0 ring mail.
  2856 | D:2      | 2856 ||| UPGRADING to +0 plate armour.
  2866 | D:2      | 2866 ||| DROPPING +0 chain mail.
  2867 | D:2      | 2867 ||| DROPPING amulet of faith.
  2868 | D:2      | 2868 ||| READING scroll labelled YKHUMA XAIHI.
  2869 | D:2      | 2869 ||| READING scroll labelled AROHUE YSHREUFO.
  2873 | D:2      | 2873 ||| DRINKING 2 lumpy white potions.
  2874 | D:2      | 2874 ||| DROPPING potion of magic.
  3055 | D:3      | Found a sacrificial altar of Ru.
  3060 | D:3      | Found a white marble altar of Elyvilon.
  3063 | D:3      | Found a bloodstained altar of Trog.
  3063 | D:3      | Found a broken altar of Ashenzari.
  3080 | D:3      | Found a shadowy altar of Dithmenos.
  3236 | D:3      | Reached skill level 7 in Axes
  3357 | D:3      | 3357 ||| SWAPPING to +0 war axe.
  3358 | D:3      | 3358 ||| DROPPING +0 hand axe.
  3556 | D:3      | 3556 ||| READING scroll labelled ZOETWE OHAED.
  3557 | D:3      | 3557 ||| DRINKING 2 cyan potions.
  3558 | D:3      | 3558 ||| DRINKING 2 smoky puce potions.
  3559 | D:3      | 3559 ||| DROPPING potion of brilliance.
  3698 | D:4      | 3698 ||| Stepping ~*~*~tactically~*~*~ (hiding).
  3958 | D:4      | Reached skill level 3 in Fighting
  3961 | D:4      | HP: 9/37 [gnoll/+0 halberd (6)]
  3962 | D:4      | 3962 ||| READING 2 scrolls of teleportation.
  3965 | D:4      | 3965 ||| READING scroll of teleportation.
  3966 | D:4      | HP: 4/37 [gnoll/+0 halberd (2)]
  3968 | D:4      | Slain by a gnoll

Levels and vault maps discovered:
D:1:      elethiomel_arrival_infinity_welcomes_careful_drivers, layout_basic,
          shapermc_ecumenical_altar_flowoftime, hangedman_decor_diamond_cutter
D:2:      layout_loops_ring, kennysheep_generic_room_8, uniq_sigmund
D:3:      layout_rooms, nicolae_overflow_hallway_of_the_gods,
          minmay_misc_feat_hallway, hangedman_decor_clover_reticule,
          kennysheep_nub, minmay_snake_closets
D:4:      layout_loops_corners, mainiacjoe_overflow_alcove_2, serial_shops,
          nicolae_shop_statue_plus, uniq_blork_the_orc

Skill      XL: |  1  2  3  4  5  6 |
---------------+-------------------+-----
Axes           | 3 4 6 7 |  7.0
Armour         | 2 |  2.2
Fighting       | 3 |  3.0
Throwing       | |  1.0
Dodging        | |  2.1
Spellcasting   | |  2.0
Translocations | |  2.4

Action                   |  1- 3 |  4- 6 || total
-------------------------+-------+-------++-------
Melee: Hand axe          |    63 |   105 ||   168
       Kick              |    18 |    34 ||    52
       Peck              |    13 |    19 ||    32
       War axe           |       |    36 ||    36
       Punch             |       |     1 ||     1
Throw: Boomerang         |     7 |       ||     7
  Use: Scroll            |     2 |     5 ||     7
       Potion            |     1 |     3 ||     4
Armor: Leather armour    |    11 |       ||    11
       Ring mail         |    10 |    18 ||    28
       Plate armour      |       |    32 ||    32
Dodge: Dodged            |    23 |    43 ||    66

Table legend:
 A = Non-vault XP
 B = Vault XP
 C = Vault XP percentage of total XP
 D = Non-vault monster count
 E = Vault monster count
 F = Vault count percentage of total count
                 A         B        C        D         E       F
            +---------+---------+-------+---------+---------+-------
      Total |     281 |     298 |  51.5 |      73 |      12 |  14.1
            +---------+---------+-------+---------+---------+-------
        D:1 |      45 |       0 |   0.0 |      26 |       0 |   0.0
        D:2 |      91 |     238 |  72.3 |      24 |       3 |  11.1
        D:3 |      34 |      60 |  63.8 |      14 |       9 |  39.1
        D:4 |     111 |       0 |   0.0 |       9 |       0 |   0.0
            +---------+---------+-------+---------+---------+-------
